 Dungeon Crawl Stone Soup version 0.31.0-12-g77e489cdc1 (webtiles) character file.

Game seed: 4642512109759860332

7 N1x1T4 the Caller (level 2, 0/13 HPs)
             Began as a Vine Stalker Summoner on Feb 23, 2024.
             Slain by a frilled lizard (2 damage)
             ... on level 1 of the Dungeon.
             The game lasted 00:03:15 (127 turns).

N1x1T4 the Caller (Vine Stalker Summoner)            Turns: 127, Time: 00:03:16

Health: 0/13       AC:  2    Str: 10    XL:     2   Next: 0%
Magic:  0/6        EV:  9    Int: 15    God:
Gold:   0          SH:  0    Dex: 14    Spells: 4/5 levels left

rFire   . . .        (no weapon)
rCold   . . .        (no shield)
rNeg    . . .        a - +0 robe
rPois   .            (no helmet)
rElec   .            (no cloak)
rCorr   .            (no gloves)
SInv    .            (no boots)
Will    .....        (no amulet)
Stlth   ++           (no ring)
HPRegen 1.02/turn    (no ring)
MPRegen 0.10/turn

%: guardian spirit
@: weak-willed, constricted
A: fangs 2, regeneration 1, magic shield, antimagic bite, no potion heal 2
a: no special abilities


You were on level 1 of the Dungeon.
You visited 1 branch of the dungeon, and saw 1 of its levels.

Inventory:

Armour
 a - a +0 robe (worn)
Scrolls
 d - a scroll of enchant weapon {unknown}
 e - a scroll of teleportation {unknown}
Potions
 b - a potion of magic


   Skills:
 + Level 1.7 Dodging
 + Level 2.4 Stealth
 + Level 2.2 Spellcasting
 + Level 4.3 Summonings


You had 4 spell levels left.
You knew the following spells:

 Your Spells              Type           Power      Damage    Failure   Level
a - Summon Small Mammal   Summ           56%        N/A       3%          1

Your spell library contained the following spells:

 Spells                   Type           Power      Damage    Failure   Level
 Call Imp                 Summ           28%        N/A       5%          2
 Call Canine Familiar     Summ           14%        N/A       11%         3
 Summon Blazeheart Golem  Fire/Summ      8%         N/A       65%         4
 Summon Lightning Spire   Summ/Air       8%         N/A       65%         4


Dungeon Overview and Level Annotations

Branches:
Dungeon (1/15)

Altars:


Innate Abilities, Weirdness & Mutations

You have extremely sharp teeth.
Your natural rate of healing is unusually fast.
When hurt, damage is shared between your health and your magic reserves.
Your bite disrupts and absorbs the magic of your enemies.
Potions cannot restore your health.


Message History

A rat comes into view.
Found 18 gold pieces.
The rat squeaks loudly.
The giant cockroach attacks as it pursues you!
The giant cockroach barely misses you.
You can't go up here!
Casting: Summon Small Mammal (safe; 3% risk of failure)
Confirm with . or Enter, or press ? or * to list all spells.
The giant cockroach bites you. The ball python barely misses you. x2
The kobold closely misses your bat.
Casting: Summon Small Mammal (safe; 3% risk of failure)
Confirm with . or Enter, or press ? or * to list all spells.
You don't have enough magic to cast this spell.
Your bat hits the giant cockroach but does no damage.
Your bat barely misses the giant cockroach.
The giant cockroach barely misses you. The ball python misses your bat.
The ball python closely misses your bat.
A hobgoblin comes into view.
The kobold closely misses you.
Your bat hits the hobgoblin but does no damage.
You closely miss the giant cockroach.
Your bat closely misses the giant cockroach.
The giant cockroach bites you but does no damage.
Your bat closely misses the kobold.
The kobold hits you with a +0 club.
You barely miss the giant cockroach.
The giant cockroach bites you but does no damage.
The ball python barely misses you. The ball python grabs you.
The ball python constricts you.
Your bat hits the giant cockroach but does no damage.
The giant cockroach bites you. The kobold hits you with a +0 club.
The ball python bites you. The ball python constricts you.
As you read the scroll labelled JUANAH VEXE, it crumbles to dust.
A wave of despondency washes over your surroundings.
It was a scroll of vulnerability.
Your bat closely misses the giant cockroach.
The giant cockroach closely misses you. The ball python bites you.
The ball python constricts you. The kobold hits you with a +0 dagger.
* * * LOW HITPOINT WARNING * * *
The frilled lizard bites you.
You die...

#.. ##.....
###..########......
..........##......
###..# #.†.......
##....#####...#.####
#####......#....##..#
.............####..##
#....b.....# ...##
##...l@B....##.##
#..)gKSK........
.$....rS.........#
###..........###.#
#g........## #
...........#
###..........
#..........# ##
#..........# #.


You could see a giant cockroach (weak-willed, ally target), 2 hobgoblins, 2 ball
pythons, 2 kobolds, a frilled lizard (weak-willed), a rat (weak-willed) and a
friendly bat (summoned, weak-willed).

Vanquished Creatures
  3 ball pythons (D:1)
  A goblin (D:1)
  A quokka (D:1)
  A bat (D:1)
  A kobold (D:1)
7 creatures vanquished.

Notes
Turn   | Place    | Note
-------+----------+-------------------------------------------
     0 | D:1      | N1x1T4 the Vine Stalker Summoner began the quest for the
                  | Orb.
     0 | D:1      | Reached XP level 1. HP: 9/9 MP: 4/4
   114 | D:1      | Reached XP level 2. HP: 13/13 MP: 1/6
   127 | D:1      | Slain by a frilled lizard

Illustrated notes

Levels and vault maps discovered:
D:1:      nicolae_arrival_washed_ashore, layout_rooms

Action                     || total
---------------------------++-------
  Melee: Unarmed           ||    24
         Bite              ||     4
   Cast: Summon Small Mamm ||     1
    Use: Scroll            ||     1
   Stab: Sleeping          ||     1
 Armour: Robe              ||    37
  Dodge: Dodged            ||    31
